 Dungeon Crawl Stone Soup version 0.31-a0-430-gf8416d752b (webtiles) character file.

Game seed: 1655740104825751144

90 Ethylacetat the Insei (level 4, -6/36 HPs)
             Began as a Demigod Shapeshifter on July 31, 2023.
             Mangled by an orc
             ... wielding a +0 morningstar
              (8 damage)
             ... on level 3 of the Dungeon.
             The game lasted 00:02:18 (1741 turns).

Ethylacetat the Insei (Demigod Shapeshifter)        Turns: 1741, Time: 00:02:19

Health: -6/36      AC:  2    Str: 16    XL:     4   Next: 11%
Magic:  6/6        EV: 13    Int: 10    God:
Gold:   110        SH:  0    Dex: 18    Spells: 3/3 levels left

rFire   . .          .
                       - Unarmed
rCold   . . .        (no shield)
rNeg    . . .        a - +0 animal skin
rPois   .            (helmet currently unavailable)
rElec   .            (cloak currently unavailable)
rCorr   .            (gloves currently unavailable)
SInv    .            (boots currently unavailable)
Will    .....        (no amulet)
Stlth   ++           (no ring)
HPRegen 0.26/turn    (no ring)
MPRegen 0.10/turn

%: no passive effects
@: beast-form
A: beast (slay +2), high MP 1, forlorn, divine attributes
a: Begin Untransformation


You were on level 3 of the Dungeon.
You were a hulking beast.
You visited 1 branch of the dungeon, and saw 3 of its levels.

You collected 110 gold pieces.

Inventory:

Armour
 a - a +0 animal skin (worn)
Jewellery
 i - an amulet of magic regeneration
Talismans
 c - a beast talisman (active)
Scrolls
 d - 2 scrolls of noise {unknown}
 e - a scroll of immolation {unknown}
 f - a scroll of torment {unknown}
 g - 2 scrolls of identify {unknown}
 h - a scroll of fear {unknown}
 k - a scroll of vulnerability {unknown}
 l - a scroll of enchant armour {unknown}
Potions
 b - 2 potions of lignification
 j - 2 potions of enlightenment {unknown}
 m - 2 potions of mutation {unknown}


   Skills:
 + Level 2.0 Fighting
 + Level 2.5 Dodging
 + Level 3.3 Unarmed Combat
 + Level 3.1 Shapeshifting


You had 3 spell levels left.
You didn't know any spells.
Your spell library contained the following spells:

 Spells                   Type           Power      Damage    Failure   Level
 Freeze                   Ice            0%         1d3       36%         1
 Frozen Ramparts          Ice            0%         1d1       75%         3
 Hailstorm                Conj/Ice       0%         3d3       75%         3
 Portal Projectile        Hex/Tloc       0%         N/A       75%         3
 Tukima's Dance           Hex            0%         N/A       75%         3
 Iskenderun's Mystic Bla  Conj/Tloc      0%         2d3       98%         4


Dungeon Overview and Level Annotations

Branches:
Dungeon (3/15)

Shops:
D:1 !=

Annotations:
D:3 Jessica


Innate Abilities, Weirdness & Mutations

You are a hulking beast.
Your limbs bulge with bestial killing power. (Slay +2)
You have an increased reservoir of magic. (+10% MP)
You shall have no god before yourself.
Your divine heritage dramatically boosts your attributes as you level up.


Message History

The orc wizard closely misses you.
You're too confused to move!
You bump into the rock wall.
You're too confused to move!
Jessica gestures wildly while chanting.
Jessica seems to speed up.
You bump into the rock wall.
You feel less confused. The orc hits you with a +0 mace.
You barely miss the orc wizard.
The orc wizard is almost dead.
The orc wizard closely misses you. The orc hits you with a +0 mace.
You closely miss the orc wizard.
The orc wizard is almost dead.
The orc wizard mumbles some strange words.
The orc wizard flickers and vanishes!
Deactivating autopickup; reactivate with Ctrl-A.
The orc barely misses you.
You punch something!
Reactivating autopickup.
You feel a bit more experienced.
Your Fighting skill increases to level 2!
You have reached level 4!
The orc attacks as you move away! The orc barely misses you.
You barely miss the orc. The orc hits you with a +0 mace!
You punch the orc!
You kill the orc!
Jessica gestures wildly while chanting.
Jessica blinks!
You closely miss the orc. The orc hits you with a +0 morningstar!
* * * LOW HITPOINT WARNING * * *
You hit the orc.
The orc is severely wounded.
The orc hits you with a +0 morningstar.
* * * LOW HITPOINT WARNING * * *
You closely miss the orc.
The orc is severely wounded.
Jessica mumbles some strange words.
Jessica blinks!
The orc hits you with a +0 morningstar!
You die...

#.# #.# #.# #.#
#.# #####
#.#####......
#.##ยงยง'@.....
#.##o##......
#.##h# .....
#.##@# ....
#.##.# ...
##.##.# ..
#.....# .
#######


You could see Jessica (fast) and an orc.

Vanquished Creatures
  An orc wizard (D:3)
  3 adders (D:2)
  A dart slug (D:1)
  An orc (D:3)
  6 ball pythons
  4 bats
  2 endoplasms (D:2)
  A giant cockroach (D:1)
  5 hobgoblins
  A jackal (D:2)
  3 quokkas (D:1)
  2 kobolds
  5 rats
35 creatures vanquished.

Notes
Turn   | Place    | Note
-------+----------+-------------------------------------------
     0 | D:1      | Ethylacetat the Demigod Shapeshifter began the quest for
                  | the Orb.
     0 | D:1      | Reached XP level 1. HP: 15/15 MP: 3/3
   111 | D:1      | Found Baboung's Jewellery Shoppe.
   114 | D:1      | Reached skill level 1 in Fighting
   117 | D:1      | Found Yxkahov's Distillery.
   220 | D:1      | Reached XP level 2. HP: 23/23 MP: 4/4
   709 | D:2      | HP: 1/23 [poisoned by an adder]
   849 | D:2      | Reached XP level 3. HP: 27/28 MP: 5/5
  1720 | D:3      | Noticed Jessica
  1736 | D:3      | Reached XP level 4. HP: 20/36 MP: 6/6
  1741 | D:3      | Mangled by an orc

Illustrated notes

Levels and vault maps discovered:
D:1:      evilmike_arrival_rings, layout_rooms, serial_shops, shop, shop
D:2:      layout_loops_corners, serial_park_tiny_pond, reono_crystal_passage,
          minmay_mini_jars
D:3:      wad_woods_stonehenge, layout_basic, doesnt_xom_only_xom, serial_shops,
          shop, shop, nicolae_shop_just_a_little_nook, shop, minmay_cut_off,
          uniq_jessica

Skill      XL: |  1  2  3 |
---------------+----------+-----
Fighting       | 1 2 |  2.0
Dodging        | 2 |  2.5
Unarmed Combat | 3 |  3.3
Shapeshifting  | 3 |  3.1

Action                     |  1- 3 |  4- 6 || total
---------------------------+-------+-------++-------
  Melee: Unarmed           |   109 |     5 ||   114
    Use: Potion            |     3 |       ||     3
 Armour: Animal skin       |    19 |       ||    19
  Dodge: Dodged            |    73 |     1 ||    74

Table legend: (Time is in decaauts)
 A = Elapsed time spent in this place.
 B = Non-inter-level travel time spent in this place.
 C = Inter-level travel time spent in this place.
 D = Time resting spent in this place.
 E = Time spent auto-exploring this place.
 F = Levels seen in this place.
 G = Mean time per level.
                   A        B        C        D        E       F      G
               +--------+--------+--------+--------+--------+-----+--------+
         Total |   1735 |   1665 |     70 |      0 |   1419 |   3 |  578.3 |
       Dungeon |   1735 |   1665 |     70 |      0 |   1419 |   3 |  578.3 |
               +--------+--------+--------+--------+--------+-----+--------+

Top non-repeatable levels by time:
     D:2: 1158 daAuts
     D:1: 530 daAuts
     D:3: 46 daAuts
